Map: [ESL] Hecate

Players

GuMiho - Winner!

  • Race: Terran Terran
  • Spawn Location: 1:00

ShoWTimE

  • Race: Protoss Protoss
  • Spawn Location: 7:00

Event: ESL SC2 Masters 2023 Winter (Finals)

VOD

Have the link to the VOD?

Description

Time

  • Played on: Dec. 15, 2023, 9:28 a.m.
  • Length: 13:01
Show
View Real Time Build Order
Export as new Build Order

GuMiho Terran - Winner!

Build Orders: Cyclone Opening 

Get SALT Encoding   

  12  0:00  SCV  
  13  0:12  SCV  
  14  0:18  Supply Depot  
  14  0:24  SCV  
  15  0:39  SCV  
  15  0:41  Barracks  
  16  0:42  Refinery  
  16  0:51  SCV  
  16  0:53  Refinery  
  17  1:04  SCV  
  18  1:16  SCV  
  19  1:28  Orbital Command  
  19  1:29  Reaper  
  19  1:31  Supply Depot  
  20  1:41  Factory  
  20  1:53  SCV  
  21  2:01  Barracks Reactor  
  21  2:05  SCV  
  22  2:14  Command Center  
  22  2:18  SCV  
  23  2:26  Cyclone  
  25  2:30  Supply Depot  
  25  2:31  SCV  
  26  2:38  Marine x2  
  26  2:43  SCV  
  29  2:49  Starport  
  29  2:56  Marine x2  
  29  2:57  SCV  
  32  3:03  Cyclone  
  34  3:10  SCV  
  35  3:14  Marine x2  
  37  3:22  SCV  
  37  3:26  Medivac  
  40  3:29  Orbital Command  
  40  3:32  Marine x2  
  42  3:34  SCV  
  42  3:36  Factory Tech Lab  
  42  3:40  Supply Depot  
  43  3:47  SCV  
  44  3:51  Marine x2  
  44  3:55  SCV  
  47  4:00  Liberator, SCV  
  51  4:07  SCV  
  51  4:09  Reaper  
  53  4:10  Siege Tank  
  53  4:11  Marine  
  53  4:12  SCV  
  53  4:15  Supply Depot  
  58  4:19  SCV  
  58  4:24  SCV  
  60  4:29  Marine  
  60  4:31  SCV  
  60  4:36  SCV  
  60  4:37  Barracks  
  59  4:41  Marine  
  59  4:45  Siege Tank  
  60  4:46  Marine, SCV  
  60  4:48  SCV  
  60  4:49  Starport Tech Lab  
  58  4:55  Barracks  
  58  4:58  SCV  
  58  4:59  Marine  
  58  5:00  SCV, Engineering Bay  
  58  5:03  Refinery  
  58  5:04  Marine  
  59  5:11  Interference Matrix  
  59  5:12  SCV x2  
  64  5:16  Marine  
  65  5:22  Marine  
  65  5:25  Marine  
  65  5:28  SCV x2  
  65  5:30  Command Center  
  65  5:32  Raven  
  65  5:34  Marine  
  65  5:36  Terran Infantry Weapons Level 1  
  65  5:40  Marine, SCV x2  
  65  5:41  Missile Turret  
  65  5:45  Supply Depot  
  65  5:46  Supply Depot  
  65  5:50  Factory Reactor  
  65  5:52  SCV x2  
  65  5:53  Marine  
  65  5:54  Refinery  
  68  5:58  Missile Turret, Marine  
  67  6:04  Marine, SCV  
  67  6:06  Stimpack  
  67  6:11  Marine x2  
  69  6:12  Supply Depot  
  69  6:13  Raven  
  71  6:21  SCV x2  
  71  6:26  Barracks, Barracks Tech Lab  
  71  6:27  Barracks  
  71  6:33  SCV x2  
  71  6:34  Marine  
  71  6:35  Supply Depot, Marine x2  
  71  6:36  Supply Depot  
  71  6:38  Widow Mine  
  78  6:41  Widow Mine  
  78  6:45  Combat Shield, SCV x2  
  82  6:52  Marine  
  82  6:54  Marine x3  
  81  6:57  SCV  
  81  6:58  SCV  
  86  7:08  Factory Reactor  
  86  7:10  Marine, SCV x2  
  86  7:14  Medivac x2, Refinery  
  93  7:16  Barracks Tech Lab  
  93  7:18  Refinery  
  93  7:22  SCV x2  
  95  7:24  Orbital Command  
  95  7:27  Marauder x3, Starport  
  95  7:29  Marine x2  
  103  7:33  Terran Infantry Armor Level 1  
  103  7:34  SCV  
  103  7:36  SCV  
  103  7:39  Bunker  
  103  7:46  Supply Depot, SCV  
  103  7:47  Supply Depot  
  103  7:48  SCV  
  103  7:50  Concussive Shells  
  105  7:52  Marauder x2  
  105  7:54  Medivac  
  105  7:56  Medivac  
  113  8:00  SCV x2  
  113  8:01  SCV  
  113  8:03  Marauder  
  120  8:06  Marauder  
  120  8:12  SCV x2  
  122  8:13  SCV  
  122  8:15  Supply Depot  
  122  8:16  Supply Depot  
  123  8:24  Viking x2, SCV x2  
  123  8:25  SCV  
  130  8:27  Viking  
  130  8:30  Viking  
  134  8:34  Supply Depot  
  134  8:36  SCV x2  
  134  8:39  Armory  
  137  8:46  Supply Depot  
  137  8:48  Fusion Core, Marauder x2, Supply Depot  
  140  8:49  Marauder  
  140  8:52  Marauder  
  144  8:56  Supply Depot  
  144  8:57  Marine x2  
  144  8:59  Supply Depot  
  146  9:03  Viking x2  
  146  9:06  Viking  
  146  9:09  Viking  
  153  9:17  Marauder x2, Marine x2  
  153  9:18  Marine, Marauder  
  162  9:27  Command Center  
  162  9:29  Terran Infantry Weapons Level 2  
  162  9:33  Terran Ship Weapons Level 1  
  162  9:49  Liberator x4  
  162  9:51  Marauder x2  
  162  9:52  Marauder  
  180  9:56  Supply Depot  
  180  10:01  Marauder  
  180  10:02  Sensor Tower  
  175  10:23  Advanced Ballistics  
  175  10:24  Marauder  
  175  10:25  Marauder x2, Marine  
  175  10:26  Marine  
  175  10:27  Marauder  
  185  10:31  Command Center  
  185  10:32  Liberator  
  185  10:34  Liberator x2  
  194  10:35  Command Center  
  194  10:38  Liberator  
  197  10:43  Refinery  
  197  10:48  Planetary Fortress  
  197  10:49  Refinery  
  196  11:01  Barracks x2  
  196  11:06  Barracks  
  194  11:19  Liberator x2  
  198  11:30  Command Center x2  
  198  11:33  Sensor Tower  
  188  11:42  Liberator x2  
  188  11:45  Orbital Command  
  194  11:51  Orbital Command  
  193  11:55  Barracks Reactor, Barracks Tech Lab x2  
  190  12:01  Liberator  
  188  12:14  Marauder x4, Marine x4  
  171  12:32  Marauder, Marine x3  
  171  12:35  Marine x2  
  171  12:36  Marauder x3  
Show
View Real Time Build Order
Export as new Build Order

ShoWTimE Protoss 

Build Orders: 1 Gate Expand, Phoenix Opening 

Get SALT Encoding   

  12  0:00  Probe  
  13  0:12  Probe  
  14  0:16  Pylon  
  14  0:24  Probe  
  15  0:35  Gateway  
  15  0:36  Probe (Chrono Boost)  
  16  0:47  Assimilator, Probe (Chrono Boost)  
  17  0:51  Probe (Chrono Boost)  
  18  1:03  Probe  
  19  1:15  Probe  
  20  1:22  Cybernetics Core  
  20  1:35  Nexus  
  20  1:36  Probe  
  21  1:42  Pylon  
  21  1:48  Probe  
  21  1:50  Assimilator  
  22  1:57  Adept (Chrono Boost)  
  22  2:00  Probe  
  25  2:12  Probe  
  26  2:18  Stargate  
  26  2:20  Adept (Chrono Boost)  
  28  2:25  Probe  
  29  2:32  Warp Gate  
  30  2:37  Probe  
  30  2:44  Shield Battery  
  30  2:47  Stalker  
  30  2:48  Probe (Chrono Boost)  
  34  2:52  Probe (Chrono Boost)  
  34  2:58  Shield Battery  
  35  3:00  Probe (Chrono Boost)  
  35  3:04  Probe (Chrono Boost)  
  35  3:05  Probe (Chrono Boost)  
  36  3:13  Probe  
  36  3:14  Probe  
  36  3:17  Phoenix (Chrono Boost)  
  40  3:25  Probe  
  40  3:26  Probe  
  42  3:28  Pylon  
  42  3:37  Probe  
  42  3:38  Probe  
  42  3:39  Phoenix (Chrono Boost)  
  46  3:42  Gateway  
  46  3:49  Probe  
  46  3:51  Probe  
  46  3:53  Pylon  
  48  3:57  Phoenix (Chrono Boost)  
  48  4:01  Probe  
  51  4:03  Probe  
  51  4:05  Robotics Facility  
  51  4:08  Assimilator  
  52  4:10  Assimilator  
  52  4:13  Probe  
  52  4:14  Phoenix (Chrono Boost)  
  55  4:20  Pylon  
  55  4:25  Stalker  
  54  4:31  Probe  
  54  4:38  Stalker  
  56  4:40  Probe  
  56  4:43  Probe  
  56  4:53  Probe  
  56  4:55  Probe  
  58  5:05  Probe  
  59  5:07  Probe  
  59  5:08  Pylon  
  59  5:09  Nexus  
  60  5:17  Probe  
  60  5:19  Robotics Bay  
  60  5:20  Probe  
  62  5:27  Phoenix  
  63  5:29  Probe  
  63  5:32  Probe  
  63  5:34  Observer (Chrono Boost)  
  62  5:41  Probe  
  63  5:44  Probe  
  63  5:46  Immortal (Chrono Boost)  
  63  5:48  Pylon  
  64  5:53  Probe  
  64  5:56  Probe  
  70  6:05  Probe, Phoenix  
  70  6:08  Probe  
  74  6:13  Stalker x2  
  74  6:17  Probe  
  77  6:20  Probe  
  77  6:23  Probe  
  77  6:25  Colossus (Chrono Boost)  
  79  6:29  Probe  
  87  6:33  Probe (Chrono Boost)  
  87  6:35  Probe (Chrono Boost)  
  87  6:36  Forge  
  87  6:37  Twilight Council  
  88  6:42  Gateway  
  88  6:44  Gateway  
  91  6:47  Probe x2 (Chrono Boost)  
  91  6:50  Probe (Chrono Boost)  
  91  6:54  Phoenix, Probe (Chrono Boost)  
  90  6:55  Probe (Chrono Boost)  
  90  6:57  Probe (Chrono Boost)  
  90  6:59  Zealot x2  
  96  7:02  Probe  
  96  7:07  Protoss Ground Weapons Level 1, Shield Battery  
  97  7:12  Gateway  
  96  7:16  Pylon  
  96  7:17  Charge (Chrono Boost)  
  96  7:24  Gateway  
  96  7:25  Pylon  
  96  7:26  Gateway  
  96  7:31  Colossus (Chrono Boost)  
  96  7:34  Probe x2, Pylon  
  96  7:36  Probe  
  105  7:39  Sentry  
  105  7:40  Zealot  
  109  7:46  Probe  
  109  7:47  Assimilator  
  109  7:48  Zealot x2  
  109  7:49  Assimilator  
  114  7:56  Gateway, Pylon  
  114  8:02  Probe, Pylon  
  114  8:05  Zealot x2  
  119  8:14  Colossus (Chrono Boost)  
  119  8:16  Templar Archives  
  119  8:19  Sentry  
  127  8:20  Zealot x4  
  127  8:23  Phoenix  
  135  8:27  Pylon  
  135  8:28  Extended Thermal Lance (Chrono Boost), Pylon  
  135  8:37  Nexus  
  135  8:39  Shield Battery  
  135  8:43  Pylon  
  135  8:52  High Templar x2, Zealot x3  
  145  8:58  Immortal (Chrono Boost)  
  145  9:00  Archon  
  149  9:09  Probe  
  151  9:10  Probe x2  
  151  9:12  Shield Battery  
  151  9:13  Protoss Ground Weapons Level 2 (Chrono Boost)  
  151  9:17  Stalker x4  
  150  9:18  Blink (Chrono Boost)  
  152  9:25  Nexus  
  152  9:26  Robotics Facility  
  152  9:35  Shield Battery  
  152  9:36  Probe x2  
  152  9:37  Probe  
  155  9:48  Pylon  
  155  9:52  Stalker  
  157  10:00  Pylon  
  157  10:02  Pylon  
  157  10:07  Pylon  
  157  10:08  High Templar x4  
  157  10:09  Pylon  
  157  10:13  Archon x2  
  163  10:22  Zealot x4  
  163  10:23  Immortal (Chrono Boost)  
  177  10:36  Immortal (Chrono Boost), Pylon  
  177  10:37  Probe x3  
  180  10:46  Forge  
  180  10:48  Stalker x4  
  188  10:52  High Templar x2, Warp Prism (Chrono Boost)  
  188  10:53  Zealot  
  188  10:56  Archon  
  196  11:07  Warp Prism (Chrono Boost)  
  196  11:12  Zealot x2  
  200  11:22  Stalker  
  199  11:39  Stalker x3  
  187  11:49  Zealot x4  
  187  11:50  Zealot  
  197  11:58  Phoenix  
  197  12:01  Nexus  
  197  12:06  Zealot x3  
  189  12:11  Stalker x5  
  167  12:20  Disruptor (Chrono Boost)  
  167  12:21  Disruptor (Chrono Boost)  
  133  12:31  Stalker x2  
  130  12:37  Zealot x6  
Tags
 
Add a new tag
Caveats
  • Supply blocks, unpowered buildings, or Contaminate may cause inaccurate times.
  • Supply counts are checked every 10 seconds.